 Dungeon Crawl Stone Soup version 0.30.0-20-g3615ddf2f0 (webtiles) character file.

Game seed: 7057054765284311956

120948 qw the Severer (level 16, -8/106 HPs)
             Began as a Gargoyle Fighter on May 30, 2023.
             Was a High Priest of Okawaru.
             Mangled by a wolf spider (14 damage)
             ... on level 3 of the Spider Nest.
             The game lasted 00:14:54 (26246 turns).

qw the Severer (Gargoyle Fighter)                  Turns: 26246, Time: 00:14:55

Health: -8/106     AC: 54    Str: 24 (26) XL:     16   Next: 83%
Magic:  2/23       EV: 20    Int: 11      God:    Okawaru [*****.]
Gold:   1477       SH:  7    Dex:  9      Spells: 15/15 levels left

rFire   . . .        r - +5 broad axe (freeze)
rCold   . . .        c - +0 buckler
rNeg    + . .        f - +10 plate armour {ponderous}
rPois   inf          z - +2 helmet
rElec   +            B - +2 cloak
rCorr   .            s - +2 pair of gloves
SInv    .            l - +0 pair of boots
Will    +....        g - amulet of faith Stlth
                     y - +5 ring of evasion
HPRegen 0.37/turn    F - +5 ring of evasion
MPRegen 0.18/turn

%: faith
@: heroic, flying, slow
A: sickness immunity, AC +12, big wings, negative energy resistance 1,
electricity resistance, torment resistance 1, petrification resistance
a: Renounce Religion, Heroism, Finesse, Duel


You were on level 3 of the Spider Nest.
You worshipped Okawaru.
Okawaru was extremely pleased with you.
You visited 5 branches of the dungeon, and saw 26 of its levels.
You also visited: Ossuary.

You collected 3610 gold pieces.
You spent 2133 gold pieces at shops.


Innate Abilities, Weirdness & Mutations

You are immune to sickness and miasma.
Your stone body is resilient. (AC +12)
You are immune to poison.
Your large and strong wings let you fly.
You resist negative energy. (rN+)
You are resistant to electric shocks. (rElec)
You are resistant to unholy torment.
You are immune to petrification.


   Skills:
 + Level 14.1(19.1) Fighting
 - Level 18.0(23.0) Axes
 - Level 7.0(12.0) Throwing
 - Level 14.0(19.0) Armour
 - Level 3.2(8.2) Dodging
 - Level 9.0(14.0) Shields
 - Level 10.0 Invocations


You had 15 spell levels left.
You didn't know any spells.
Your spell library was empty.

Inventory:

Hand Weapons
 r - a +5 broad axe of freezing (weapon)
 u - a +1 war axe of flaming
Missiles
 n - 11 boomerangs
 E - a javelin (quivered)
Armour
 c - a +0 buckler (worn)
 f - a +10 plate armour of ponderousness (worn)
 l - a +0 pair of boots (worn)
 m - +0 acid dragon scales
 q - +0 ice dragon scales
 s - a +2 pair of gloves (worn)
 z - a +2 helmet (worn)
 B - a +2 cloak (worn)
 H - the +0 chain mail "Leupatta" {rC+ Regen+}
   (You bought it in a shop on level 2 of the Orcish Mines)

   rC:        It protects you from cold.
   Regen:     It increases your rate of health regeneration.
Jewellery
 g - an amulet of faith (around neck)
 w - a ring of resist corrosion
 y - a +5 ring of evasion (left hand)
 A - a ring of protection from fire
 C - a ring of ice
 D - a ring of resist corrosion
 F - a +5 ring of evasion (right hand)
 G - a ring of ice
Wands
 e - a wand of digging (8)
Scrolls
 a - 7 scrolls of identify
Potions
 b - 3 potions of attraction
 d - 6 potions of might
 h - 5 potions of mutation
 i - 3 potions of haste
 j - 7 potions of resistance
 k - 2 potions of lignification
 o - a potion of magic
 v - a potion of curing
 x - 3 potions of cancellation

Dungeon Overview and Level Annotations

Branches:
Dungeon (15/15)            Temple (1/1) D:4            Lair (5/5) D:11
 Shoals (0/4) Lair:3       Spider (3/4) Lair:3        Slime (0/5) Lair:4
    Orc (2/2) D:10            Elf (0/3) Orc:2        Vaults (0/5) D:14
 Depths (0/4) D:15        Ossuary (visited)

Altars:
Ashenzari
Cheibriados
Dithmenos
Elyvilon
Fedhas
Gozag
Hepliaklqana
Kikubaaqudgha
Makhleb
Nemelex Xobeh
Okawaru
Qazlal
Ru
Sif Muna
Trog
Uskayaw
Vehumet
Wu Jian
Xom
Yredelemnul
Zin
The Shining One
Jiyva

Shops:
D:7 (   D:9 *:?(   D:10 =   Orc:2 [(=*:

Annotations:
D:9 3 runed translucent doors, qw's ghost, journeyman GrCA; qw's ghost, journeyman GrFi; qw's ghost, novice GrFi
D:13 2 runed translucent doors, Dittersdorf's ghost, journeyman MiBe


Message History

The entropy weaver closely misses you.
The entropy weaver hits you but does no damage.
The entropy weaver misses you.
26239 ||| INVOKING Heroism.
You gain the combat prowess of a mighty hero.
You can no longer enter into single combat with a foe.
Okawaru will no longer gift you equipment.
The redback bites you but does no damage.
The entropy weaver misses you. The entropy weaver closely misses you.
You block the entropy weaver's attack. The entropy weaver misses you.
You slice the entropy weaver!! You freeze the entropy weaver.
You kill the entropy weaver!
Okawaru accepts your kill.
You can now enter into single combat with a foe.
Okawaru will now gift you equipment as you gain piety.
You barely miss the redback. You slash the redback! You freeze the redback.
The redback is heavily wounded.
The redback completely misses you.
You slash the redback! You freeze the redback.
You kill the redback!
Okawaru accepts your kill.
Your hands slow down.
You closely miss the wolf spider. You hit the redback. You freeze the redback.
The wolf spider completely misses you. You block the wolf spider's attack.
The redback barely misses you.
You slice the redback!! You freeze the redback!
You kill the redback!
Okawaru accepts your kill.
You completely miss the wolf spider.
The wolf spider hits you but does no damage.
The wolf spider barely misses you.
You slash the wolf spider! You freeze the wolf spider.
The wolf spider is moderately wounded.
The wolf spider hits you but does no damage.
The wolf spider bites you but does no damage.
You closely miss the wolf spider.
The wolf spider is moderately wounded.
The wolf spider hits you!
You die...

#...$ ###### #.0*s ##
#....#### #..s.s. ##.#
##......# ..$.... ....#
#.%.....# #......
...###.....## ......# .
#..#s%....# ......
....#...#..............
......%@#.........####
##.....s####..........
.#...#.^#^^#.....#....
.................^.s..
......^##..........^..
.....^#......ss0s.####
..^...#..#..ss.ss....^
^.......^#..#.#....###...
####..##.......s#s#....#^


You could see a wolf spider and a jumping spider.

Vanquished Creatures
  Arachne (Spider:2)
  Frances (D:12)
  2 emperor scorpions
  4 ghost moths
  2 broodmothers
  A stone giant (D:15)
  Fannar (D:12)
  2 entropy weavers
  2 hydras
  Josephine (D:12)
  An ice dragon (D:14)
  Erolcha (D:9)
  4 catoblepae
  6 centaur warriors
  3 boulder beetles
  2 dancing weapons (D:14)
  25 death yaks
  2 two-headed ogres
  4 tengu warriors (D:15)
  3 orc high priests (Orc:2)
  5 pharaoh ants
  A sun moth (Spider:1)
  2 orb spiders
  4 steelbarb worms
  4 deep elf pyromancers
  5 manticores
  10 ugly things
  5 orc knights
  12 wolf spiders
  A moth of wrath (Spider:2)
  5 cyclopes
  A merfolk siren (Lair:3)
  5 elephants (Lair:5)
  4 orc sorcerers (Orc:2)
  Maurice (D:12)
  5 black mambas
  4 demonic crawlers
  12 cane toads
  2 torpor snails (Spider:3)
  An unseen horror (D:10)
  A kobold demonologist (D:11)
  5 rime drakes
  8 komodo dragons
  An efreet (D:15)
  3 meliai (D:13)
  A troll (shapeshifter) (D:13)
  A wolf spider simulacrum (D:14)
  3 trolls
  3 polar bears
  24 tarantellas
  10 blink frogs
  Prince Ribbit (D:7)
  19 jumping spiders
  8 culicivoras
  8 slime creatures (D:14)
  A centaur simulacrum (D:14)
  5 wyverns
  3 water elementals (D:15)
  59 yaks
  4 basilisks
  6 wraiths
  A golden eye (shapeshifter) (D:15)
  A steam dragon (D:8)
  13 vampire mosquitoes
  28 redbacks
  2 wargs
  4 acid dragons
  6 water moccasins
  20 orc warriors
  2 sky beasts
  A swamp drake (D:10)
  2 black bears
  An ice beast (D:5)
  9 ogres
  6 centaurs
  2 phantoms
  A kobold brigand (D:8)
  Blork the orc (D:5)
  13 bullfrogs
  A gnoll sergeant (D:10)
  4 necrophages (Lair:4)
  4 scorpions
  9 killer bees
  6 howler monkeys
  4 electric eels
  3 centaur zombies (Ossuary)
  3 hounds
  16 orc priests
  13 jellies
  2 gnoll boudas
  7 iguanas
  16 orc wizards
  5 sleepcaps
  4 mummies (Ossuary)
  19 gnolls
  8 adders
  2 shadow imps
  2 white imps
  2 ufetubi (D:5)
  A worm (D:2)
  4 dart slugs
  76 orcs
  3 ball pythons
  9 endoplasms
  4 giant cockroaches
  11 goblins
  10 hobgoblins
  6 jackals
  2 quokkas (D:1)
  3 bats
  3 frilled lizards (D:2)
  2 goblin zombies (Ossuary)
  11 kobolds
  A kobold zombie (Ossuary)
  2 orc zombies (Ossuary)
  6 rats
  2 spectral weapons (D:9)
730 creatures vanquished.

Vanquished Creatures (others)
  A water elemental (D:15)
1 creature vanquished.

Grand Total: 731 creatures vanquished

Notes
Turn   | Place    | Note
-------+----------+-------------------------------------------
     0 | D:1      | qw the Gargoyle Fighter began the quest for the Orb.
     0 | D:1      | Reached XP level 1. HP: 14/14 MP: 1/1
     0 | D:1      | 0 ||| qw: Version: 0.2-a-102-g2b76a06
     0 | D:1      | 0 ||| qw: Game counter: 492
     0 | D:1      | 0 ||| qw: Always use a shield: true
     0 | D:1      | 0 ||| qw: God list: Okawaru
     0 | D:1      | 0 ||| qw: Allow faded altars: false
     0 | D:1      | 0 ||| qw: Do Orc after D:15 true
     0 | D:1      | 0 ||| qw: Do second Lair branch before Depths: true
     0 | D:1      | 0 ||| qw: Lair rune preference: random
     0 | D:1      | 0 ||| qw: Plans: Normal, Zot:1-4, Slime:5, God:TSO, Crypt,
                  | Tomb, Pan, Hells, Abyss, Win
     0 | D:1      | 0 ||| PLANNING D:1-11
   102 | D:1      | Reached skill level 2 in Axes
   109 | D:1      | Reached XP level 2. HP: 13/19 MP: 2/2
   446 | D:1      | Reached skill level 3 in Axes
   725 | D:1      | Reached XP level 3. HP: 23/23 MP: 3/3
   756 | D:1      | 756 ||| READING scroll labelled VIEMPU RYXUO.
   757 | D:1      | 757 ||| READING scroll labelled BOHI JOIXOAMA.
  1113 | D:2      | 1113 ||| Stepping ~*~*~tactically~*~*~ (stealth).
  1130 | D:2      | 1130 ||| Stepping ~*~*~tactically~*~*~ (stealth).
  1131 | D:2      | 1131 ||| Stepping ~*~*~tactically~*~*~ (stealth).
  1238 | D:2      | 1238 ||| Stepping ~*~*~tactically~*~*~ (hiding).
  1239 | D:2      | 1239 ||| Stepping ~*~*~tactically~*~*~ (hiding).
  1640 | D:2      | Reached XP level 4. HP: 28/28 MP: 4/4
  1720 | D:2      | 1720 ||| READING 2 scrolls labelled KOISUI CAATEPI.
  1721 | D:2      | 1721 ||| READING scroll labelled DEUSAEFENY.
  1722 | D:2      | 1722 ||| READING scroll labelled QIOWEU YTETZEE.
  1823 | D:2      | 1823 ||| READING scroll labelled SANUNI ZEMYMN.
  1828 | D:2      | 1828 ||| DRINKING 3 silvery potions.
  1829 | D:2      | 1829 ||| DROPPING scroll of fog.
  1856 | D:3      | 1856 ||| Stepping ~*~*~tactically~*~*~ (hiding).
  1859 | D:3      | 1859 ||| Stepping ~*~*~tactically~*~*~ (hiding).
  1861 | D:3      | 1861 ||| Stepping ~*~*~tactically~*~*~ (hiding).
  1902 | D:3      | Reached skill level 4 in Axes
  1924 | D:3      | Noticed a scorpion
  1936 | D:3      | Killed a scorpion
  1937 | D:3      | Reached XP level 5. HP: 23/32 MP: 5/5
  2057 | D:3      | 2057 ||| DROPPING +0 club.
  2111 | D:3      | 2111 ||| Stepping ~*~*~tactically~*~*~ (stealth).
  2113 | D:3      | 2113 ||| Stepping ~*~*~tactically~*~*~ (stealth).
  2146 | D:3      | 2146 ||| Stepping ~*~*~tactically~*~*~ (stealth).
  2148 | D:3      | 2148 ||| Stepping ~*~*~tactically~*~*~ (stealth).
  2154 | D:3      | 2154 ||| Stepping ~*~*~tactically~*~*~ (hiding).
  2155 | D:3      | 2155 ||| Stepping ~*~*~tactically~*~*~ (hiding).
  2156 | D:3      | 2156 ||| Stepping ~*~*~tactically~*~*~ (hiding).
  2177 | D:3      | 2177 ||| Stepping ~*~*~tactically~*~*~ (stealth).
  2179 | D:3      | 2179 ||| Stepping ~*~*~tactically~*~*~ (hiding).
  2186 | D:3      | Reached skill level 5 in Axes
  2193 | D:3      | 2193 ||| Stepping ~*~*~tactically~*~*~ (stealth).
  2194 | D:3      | 2194 ||| Stepping ~*~*~tactically~*~*~ (stealth).
  2195 | D:3      | 2195 ||| Stepping ~*~*~tactically~*~*~ (stealth).
  2196 | D:3      | 2196 ||| Stepping ~*~*~tactically~*~*~ (stealth).
  2199 | D:3      | 2199 ||| Stepping ~*~*~tactically~*~*~ (hiding).
  2310 | D:3      | 2310 ||| Stepping ~*~*~tactically~*~*~ (stealth).
  2325 | D:3      | 2325 ||| Stepping ~*~*~tactically~*~*~ (stealth).
  2330 | D:3      | Found an opulent altar of Gozag.
  2611 | D:3      | Found a sacrificial altar of Ru.
  2664 | D:3      | Found a stormy altar of Qazlal.
  2664 | D:3      | Noticed a sky beast
  2666 | D:3      | 2666 ||| Stepping ~*~*~tactically~*~*~ (stealth).
  2667 | D:3      | 2667 ||| Stepping ~*~*~tactically~*~*~ (stealth).
  2694 | D:3      | HP: 7/32 [something (4)]
  2698 | D:3      | HP: 3/32 [something (2)]
  2700 | D:3      | Killed a sky beast
  2701 | D:3      | Reached XP level 6. HP: 5/39 MP: 6/6
  2858 | D:3      | Reached skill level 1 in Dodging
  3262 | D:3      | 3262 ||| UPGRADING to +0 chain mail.
  3272 | D:3      | 3272 ||| DROPPING +0 scale mail.
  3273 | D:3      | 3273 ||| UPGRADING to +0 chain mail of cold resistance.
  3283 | D:3      | 3283 ||| DROPPING +0 chain mail.
  3284 | D:3      | 3284 ||| READING scroll labelled OMY BEAHYTU.
  3285 | D:3      | 3285 ||| READING scroll labelled LACYTZ MYHIKH.
  3286 | D:3      | 3286 ||| DRINKING 3 inky potions.
  3287 | D:3      | 3287 ||| READING 4 scrolls of identify.
  3287 | D:3      | 3287 ||| IDENTIFYING golden potion
  3288 | D:3      | 3288 ||| READING 3 scrolls of identify.
  3288 | D:3      | 3288 ||| IDENTIFYING fizzy black potion
  3289 | D:3      | 3289 ||| READING 2 scrolls of identify.
  3289 | D:3      | 3289 ||| IDENTIFYING purple potion
  3290 | D:3      | 3290 ||| DROPPING potion of degeneration.
  3291 | D:3      | 3291 ||| DROPPING 2 potions of brilliance.
  3320 | D:4      | Reached XP level 7. HP: 23/44 MP: 7/7
  3402 | D:4      | 3402 ||| Stepping ~*~*~tactically~*~*~ (stealth).
  3440 | D:4      | 3440 ||| Stepping ~*~*~tactically~*~*~ (stealth).
  3447 | D:4      | 3447 ||| Stepping ~*~*~tactically~*~*~ (stealth).
  3448 | D:4      | 3448 ||| Stepping ~*~*~tactically~*~*~ (stealth).
  3475 | D:4      | HP: 7/44 [orc priest/divine providence (12)]
  3478 | D:4      | HP: 3/44 [orc priest/+0 trident (5)]
  3654 | D:4      | 3654 ||| FLEEEEING.
  3655 | D:4      | 3655 ||| FLEEEEING.
  3661 | D:4      | 3661 ||| FLEEEEING.
  3662 | D:4      | 3662 ||| FLEEEEING.
  3663 | D:4      | 3663 ||| FLEEEEING.
  3664 | D:4      | 3664 ||| FLEEEEING.
  3665 | D:4      | 3665 ||| FLEEEEING.
  3668 | D:4      | 3668 ||| FLEEEEING.
  3672 | D:4      | 3672 ||| FLEEEEING.
  3673 | D:4      | 3673 ||| FLEEEEING.
  3674 | D:4      | 3674 ||| FLEEEEING.
  3676 | D:4      | 3676 ||| FLEEEEING.
  3678 | D:4      | 3678 ||| STAIRDANCE
  3682 | D:4      | 3682 ||| STAIRDANCE
  3687 | D:4      | 3687 ||| STAIRDANCE
  3691 | D:4      | 3691 ||| STAIRDANCE
  3695 | D:4      | 3695 ||| STAIRDANCE
  3699 | D:4      | 3699 ||| STAIRDANCE
  3703 | D:4      | 3703 ||| STAIRDANCE
  3707 | D:4      | 3707 ||| STAIRDANCE
  3711 | D:4      | 3711 ||| STAIRDANCE
  3715 | D:4      | 3715 ||| STAIRDANCE
  3719 | D:4      | 3719 ||| STAIRDANCE
  3723 | D:4      | 3723 ||| STAIRDANCE
  3727 | D:4      | 3727 ||| STAIRDANCE
  3731 | D:4      | 3731 ||| STAIRDANCE
  3735 | D:4      | 3735 ||| STAIRDANCE
  3739 | D:4      | 3739 ||| STAIRDANCE
  3743 | D:4      | 3743 ||| STAIRDANCE
  3747 | D:4      | 3747 ||| STAIRDANCE
  3751 | D:4      | 3751 ||| STAIRDANCE
  3755 | D:4      | 3755 ||| STAIRDANCE
  3789 | D:3      | Found a basalt altar of Yredelemnul.
  3861 | D:4      | 3861 ||| Stepping ~*~*~tactically~*~*~ (stealth).
  3862 | D:4      | 3862 ||| Stepping ~*~*~tactically~*~*~ (stealth).
  3874 | D:4      | Reached skill level 6 in Axes
  4034 | D:4      | Found a staircase to the Ecumenical Temple.
  4035 | D:4      | 4035 ||| PLANNING TEMPLE
  4035 | D:4      | 4035 ||| READING 3 scrolls of identify.
  4035 | D:4      | 4035 ||| IDENTIFYING glowing white potion
  4036 | D:4      | 4036 ||| READING 2 scrolls of identify.
  4036 | D:4      | 4036 ||| IDENTIFYING white potion
  4037 | D:4      | 4037 ||| DROPPING potion of magic.
  4046 | Temple   | Entered the Ecumenical Temple
  4058 | Temple   | 4058 ||| PLANNING OKAWARU WORSHIP
  4225 | Temple   | Became a worshipper of Warmaster Okawaru
  4225 | Temple   | 4225 ||| PLANNING D:1-11
  4336 | D:4      | 4336 ||| Stepping ~*~*~tactically~*~*~ (hiding).
  4339 | D:4      | 4339 ||| Stepping ~*~*~tactically~*~*~ (hiding).
  4365 | D:4      | 4365 ||| FLEEEEING.
  4366 | D:4      | 4366 ||| FLEEEEING.
  4367 | D:4      | 4367 ||| FLEEEEING.
  4368 | D:4      | 4368 ||| FLEEEEING.
  4369 | D:4      | 4369 ||| FLEEEEING.
  4607 | D:4      | 4607 ||| UPGRADING to amulet of faith.
  4612 | D:4      | 4612 ||| READING scroll labelled LOFUCSEACHY.
  4613 | D:4      | 4613 ||| DRINKING 2 sedimented blue potions.
  4614 | D:4      | 4614 ||| READING 2 scrolls of identify.
  4614 | D:4      | 4614 ||| IDENTIFYING fizzy pink potion
  4621 | D:5      | Entered Level 5 of the Dungeon
  4631 | D:5      | 4631 ||| Stepping ~*~*~tactically~*~*~ (stealth).
  4640 | D:5      | Reached skill level 7 in Axes
  4644 | D:5      | Reached XP level 8. HP: 38/49 MP: 8/8
  4645 | D:5      | Reached * piety under Okawaru
  4646 | D:5      | 4646 ||| INVOKING Heroism.
  4650 | D:5      | Reached skill level 1 in Invocations
  4666 | D:5      | 4666 ||| FLEEEEING.
  4668 | D:5      | 4668 ||| STAIRDANCE
  4704 | D:5      | 4704 ||| INVOKING Heroism.
  4862 | D:5      | 4862 ||| Stepping ~*~*~tactically~*~*~ (stealth).
  4959 | D:5      | Reached skill level 8 in Axes
  4961 | D:5      | 4961 ||| FLEEEEING.
  4962 | D:5      | 4962 ||| FLEEEEING.
  4986 | D:5      | 4986 ||| Stepping ~*~*~tactically~*~*~ (hiding).
  5006 | D:5      | 5006 ||| Stepping ~*~*~tactically~*~*~ (stealth).
  5069 | D:5      | Noticed Blork the orc
  5070 | D:5      | 5070 ||| Stepping ~*~*~tactically~*~*~ (hiding).
  5073 | D:5      | 5073 ||| INVOKING Heroism.
  5082 | D:5      | Killed Blork the orc
  5151 | D:5      | Found a snail-covered altar of Cheibriados.
  5156 | D:5      | 5156 ||| Stepping ~*~*~tactically~*~*~ (stealth).
  5157 | D:5      | 5157 ||| Stepping ~*~*~tactically~*~*~ (stealth).
  5158 | D:5      | 5158 ||| Stepping ~*~*~tactically~*~*~ (stealth).
  5159 | D:5      | 5159 ||| Stepping ~*~*~tactically~*~*~ (stealth).
  5161 | D:5      | 5161 ||| Stepping ~*~*~tactically~*~*~ (stealth).
  5170 | D:5      | Found a blossoming altar of Fedhas.
  5223 | D:5      | 5223 ||| INVOKING Heroism.
  5229 | D:5      | Reached skill level 6 in Fighting
  5244 | D:5      | 5244 ||| DROPPING +0 whip.
  5528 | D:5      | 5528 ||| UPGRADING to +0 pair of boots.
  5533 | D:5      | 5533 ||| UPGRADING to +0 cloak.
  5538 | D:5      | 5538 ||| UPGRADING to +0 pair of gloves.
  5543 | D:5      | 5543 ||| READING scroll labelled CEL KOTETE.
  5544 | D:5      | 5544 ||| DROPPING +0 flail.
  5545 | D:5      | 5545 ||| READING scroll labelled BUECERHAUG.
  5545 | D:5      | Identified a scroll of acquirement
  5545 | D:5      | 5545 ||| ACQUIRING +1 broad axe of freezing
  5545 | D:5      | Acquired a +1 broad axe of freezing
  5547 | D:5      | 5547 ||| SWAPPING to +1 broad axe of freezing.
  5548 | D:5      | 5548 ||| READING 3 scrolls of identify.
  5548 | D:5      | 5548 ||| IDENTIFYING fuming inky potion
  5549 | D:5      | 5549 ||| DROPPING potion of ambrosia.
  5637 | D:6      | 5637 ||| INVOKING Heroism.
  5653 | D:6      | Reached skill level 3 in Invocations
  5673 | D:6      | 5673 ||| FLEEEEING.
  5674 | D:6      | 5674 ||| FLEEEEING.
  5675 | D:6      | 5675 ||| FLEEEEING.
  5676 | D:6      | 5676 ||| FLEEEEING.
  5677 | D:6      | 5677 ||| FLEEEEING.
  5678 | D:6      | 5678 ||| FLEEEEING.
  5679 | D:6      | 5679 ||| FLEEEEING.
  5680 | D:6      | 5680 ||| FLEEEEING.
  5681 | D:6      | 5681 ||| FLEEEEING.
  5682 | D:6      | 5682 ||| FLEEEEING.
  5683 | D:6      | 5683 ||| FLEEEEING.
  5684 | D:6      | 5684 ||| FLEEEEING.
  5688 | D:6      | 5688 ||| FLEEEEING.
  5689 | D:6      | 5689 ||| FLEEEEING.
  5690 | D:6      | 5690 ||| FLEEEEING.
  5691 | D:6      | 5691 ||| FLEEEEING.
  5692 | D:6      | 5692 ||| FLEEEEING.
  5693 | D:6      | 5693 ||| FLEEEEING.
  5694 | D:6      | 5694 ||| FLEEEEING.
  5695 | D:6      | 5695 ||| FLEEEEING.
  5696 | D:6      | 5696 ||| FLEEEEING.
  5697 | D:6      | 5697 ||| FLEEEEING.
  5698 | D:6      | 5698 ||| FLEEEEING.
  5699 | D:6      | 5699 ||| FLEEEEING.
  5700 | D:6      | 5700 ||| FLEEEEING.
  5701 | D:6      | 5701 ||| FLEEEEING.
  5703 | D:6      | 5703 ||| FLEEEEING.
  5704 | D:6      | 5704 ||| FLEEEEING.
  5709 | D:6      | 5709 ||| FLEEEEING.
  5710 | D:6      | 5710 ||| FLEEEEING.
  5712 | D:6      | 5712 ||| INVOKING Heroism.
  5727 | D:6      | Reached XP level 9. HP: 54/55 MP: 9/11
  5756 | D:6      | 5756 ||| Stepping ~*~*~tactically~*~*~ (stealth).
  5758 | D:6      | 5758 ||| Stepping ~*~*~tactically~*~*~ (stealth).
  5762 | D:6      | 5762 ||| Stepping ~*~*~tactically~*~*~ (hiding).
  5763 | D:6      | 5763 ||| Stepping ~*~*~tactically~*~*~ (hiding).
  5774 | D:6      | 5774 ||| FLEEEEING.
  5775 | D:6      | 5775 ||| FLEEEEING.
  5779 | D:6      | 5779 ||| Stepping ~*~*~tactically~*~*~ (stealth).
  5780 | D:6      | 5780 ||| Stepping ~*~*~tactically~*~*~ (stealth).
  5781 | D:6      | 5781 ||| Stepping ~*~*~tactically~*~*~ (stealth).
  5848 | D:6      | Reached skill level 1 in Throwing
  5890 | D:6      | 5890 ||| INVOKING Heroism.
  5969 | D:6      | 5969 ||| Stepping ~*~*~tactically~*~*~ (hiding).
  5970 | D:6      | 5970 ||| Stepping ~*~*~tactically~*~*~ (hiding).
  6126 | D:6      | 6126 ||| Stepping ~*~*~tactically~*~*~ (hiding).
  6208 | D:6      | 6208 ||| Stepping ~*~*~tactically~*~*~ (stealth).
  6210 | D:6      | 6210 ||| INVOKING Heroism.
  6275 | D:6      | 6275 ||| UPGRADING to ring of protection from fire.
  6276 | D:6      | 6276 ||| READING 4 scrolls of identify.
  6276 | D:6      | 6276 ||| IDENTIFYING sedimented silvery potion
  6277 | D:6      | 6277 ||| DROPPING potion of flight.
  6295 | D:7      | 6295 ||| INVOKING Heroism.
  6360 | D:7      | Reached skill level 9 in Axes
  6402 | D:7      | 6402 ||| INVOKING Heroism.
  6550 | D:7      | 6550 ||| INVOKING Heroism.
  6568 | D:7      | 6568 ||| INVOKING Heroism.
  6643 | D:7      | 6643 ||| Stepping ~*~*~tactically~*~*~ (hiding).
  6645 | D:7      | 6645 ||| Stepping ~*~*~tactically~*~*~ (hiding).
  6646 | D:7      | 6646 ||| Stepping ~*~*~tactically~*~*~ (hiding).
  6800 | D:7      | Found Widda's Firing Range.
  6960 | D:7      | 6960 ||| Stepping ~*~*~tactically~*~*~ (hiding).
  7085 | D:7      | 7085 ||| READING scroll of enchant weapon.
  7085 | D:7      | 7085 ||| ENCHANTING +1 broad axe of freezing.
  7260 | D:7      | Noticed Prince Ribbit
  7261 | D:7      | 7261 ||| INVOKING Heroism.
  7263 | D:7      | Killed Prince Ribbit
  7382 | D:7      | 7382 ||| DROPPING orb of light.
  7383 | D:7      | 7383 ||| UPGRADING to +6 ring of dexterity.
  7418 | D:8      | 7418 ||| PLANNING OSSUARY
  7474 | D:8      | Found a radiant altar of Vehumet.
  7475 | D:8      | 7475 ||| Stepping ~*~*~tactically~*~*~ (stealth).
  7523 | D:8      | 7523 ||| Stepping ~*~*~tactically~*~*~ (stealth).
  7615 | D:8      | 7615 ||| Stepping ~*~*~tactically~*~*~ (stealth).
  7634 | D:8      | 7634 ||| FLEEEEING.
  7635 | D:8      | 7635 ||| FLEEEEING.
  7636 | D:8      | 7636 ||| FLEEEEING.
  7638 | D:8      | 7638 ||| FLEEEEING.
  7639 | D:8      | 7639 ||| Stepping ~*~*~tactically~*~*~ (hiding).
  7640 | D:8      | 7640 ||| Stepping ~*~*~tactically~*~*~ (hiding).
  7646 | D:8      | 7646 ||| Stepping ~*~*~tactically~*~*~ (stealth).
  7715 | D:8      | 7715 ||| INVOKING Heroism.
  7719 | D:8      | Reached XP level 10. HP: 45/63 MP: 10/13
  7725 | D:8      | Reached skill level 10 in Axes
  7785 | D:8      | Found the Hermit's Pendant {Faith Invo=14 Evo=0 MP+5}
  7808 | D:8      | Found a sand-covered staircase.
  7809 | D:8      | 7809 ||| READING scroll labelled NULIEF EMEUBBI.
  7810 | D:8      | 7810 ||| READING 4 scrolls of identify.
  7810 | D:8      | 7810 ||| IDENTIFYING clear potion
  7816 | Ossuary  | Entered an ossuary
  7884 | Ossuary  | 7884 ||| INVOKING Heroism.
  8092 | Ossuary  | 8092 ||| READING scroll labelled PEXKUI HIOZOGG.
  8093 | Ossuary  | 8093 ||| READING scroll labelled DALYGUCAEL.
  8094 | Ossuary  | 8094 ||| READING scroll labelled AKHLOM AJOBLU EGG.
  8095 | Ossuary  | 8095 ||| DROPPING scroll of immolation.
  8113 | D:8      | 8113 ||| PLANNING D:1-11
  8233 | D:8      | 8233 ||| Stepping ~*~*~tactically~*~*~ (hiding).
  8234 | D:8      | 8234 ||| Stepping ~*~*~tactically~*~*~ (hiding).
  8235 | D:8      | 8235 ||| Stepping ~*~*~tactically~*~*~ (hiding).
  8236 | D:8      | 8236 ||| Stepping ~*~*~tactically~*~*~ (hiding).
  8585 | D:8      | Found a glowing silver altar of Zin.
  8585 | D:8      | Found a white marble altar of Elyvilon.
  8585 | D:8      | Found a glowing golden altar of the Shining One.
  8613 | D:9      | Reached ** piety under Okawaru
  8615 | D:9      | Reached skill level 6 in Armour
  8626 | D:9      | Identified the +7 chain mail of the Evil One {rPois Int+5}
  8651 | D:9      | Found a runed translucent gate.
  8651 | D:9      | Found a runed translucent gate.
  8651 | D:9      | Found a runed translucent gate.
  8651 | D:9      | Noticed qw's ghost (journeyman GrFi)
  8652 | D:9      | Noticed qw's ghost (novice GrFi)
  8652 | D:9      | Noticed qw's ghost (novice GrFi)
  8652 | D:9      | Noticed qw's ghost (journeyman GrCA)
  8657 | D:9      | 8657 ||| Stepping ~*~*~tactically~*~*~ (stealth).
  8666 | D:9      | 8666 ||| INVOKING Heroism.
  8751 | D:9      | Found Keqiuf's General Store.
  8754 | D:9      | 8754 ||| BUYING +4 ring of protection (432 gold).
  8754 | D:9      | Bought a +4 ring of protection for 432 gold pieces
  8754 | D:9      | 8754 ||| BUYING scroll of teleportation (36 gold).
  8754 | D:9      | Bought a scroll of teleportation for 36 gold pieces
  8776 | D:9      | 8776 ||| INVOKING Heroism.
  8843 | D:9      | Found Utopomur's Book Shoppe.
  8847 | D:9      | Found Sousue's Magic Scroll Emporium.
  8856 | D:9      | 8856 ||| SHOPLISTING scroll of enchant weapon (112 gold,
                  | have 95).
  8856 | D:9      | 8856 ||| BUYING scroll of teleportation (45 gold).
  8856 | D:9      | Bought a scroll of teleportation for 45 gold pieces
  8856 | D:9      | Found Heudi's Weapon Shop.
  8985 | D:9      | Noticed Erolcha
  8986 | D:9      | 8986 ||| INVOKING Heroism.
  8998 | D:9      | Killed Erolcha
  8999 | D:9      | Reached skill level 6 in Shields
  9159 | D:9      | 9159 ||| UPGRADING to +7 chain mail of the Evil One {rPois
                  | Int+5}.
  9169 | D:9      | 9169 ||| DROPPING +0 chain mail of cold resistance.
  9170 | D:9      | 9170 ||| UPGRADING to +0 helmet.
  9175 | D:9      | 9175 ||| UPGRADING to +4 ring of protection.
  9177 | D:9      | 9177 ||| UPGRADING to +5 ring of evasion.
  9179 | D:9      | 9179 ||| UPGRADING to ring of protection from fire.
  9181 | D:9      | 9181 ||| UPGRADING to +4 ring of protection.
  9183 | D:9      | 9183 ||| DROPPING +6 ring of dexterity.
  9184 | D:9      | 9184 ||| READING 3 scrolls of identify.
  9184 | D:9      | 9184 ||| IDENTIFYING fuming yellow potion
  9185 | D:9      | 9185 ||| READING 2 scrolls of identify.
  9185 | D:9      | 9185 ||| IDENTIFYING fizzy cyan potion
  9186 | D:9      | 9186 ||| DROPPING potion of berserk rage.
  9209 | D:10     | Entered Level 10 of the Dungeon
  9209 | D:10     | Found Boivesiq's Jewellery Emporium.
  9212 | D:10     | 9212 ||| SHOPLISTING ring "Toighad" {rCorr AC+4} (680 gold,
                  | have 61).
  9212 | D:10     | 9212 ||| SHOPLISTING ring of fire (350 gold, have 61).
  9212 | D:10     | 9212 ||| SHOPLISTING ring of protection from fire (350
                  | gold, have 61).
  9214 | D:10     | 9214 ||| INVOKING Heroism.
  9231 | D:10     | 9231 ||| Stepping randomly (disturbance).
  9238 | D:10     | Killed an unseen horror
  9238 | D:10     | Reached *** piety under Okawaru
  9413 | D:10     | 9413 ||| FLEEEEING.
  9414 | D:10     | 9414 ||| FLEEEEING.
  9415 | D:10     | 9415 ||| FLEEEEING.
  9416 | D:10     | 9416 ||| FLEEEEING.
  9417 | D:10     | 9417 ||| FLEEEEING.
  9418 | D:10     | 9418 ||| FLEEEEING.
  9419 | D:10     | 9419 ||| FLEEEEING.
  9420 | D:10     | 9420 ||| FLEEEEING.
  9421 | D:10     | 9421 ||| FLEEEEING.
  9438 | D:10     | 9438 ||| INVOKING Heroism.
  9463 | D:10     | 9463 ||| INVOKING Heroism.
  9559 | D:10     | 9559 ||| DRINKING 3 potions of curing.
  9559 | D:10     | 9559 ||| (to cure confusion)
  9658 | D:10     | 9658 ||| Stepping ~*~*~tactically~*~*~ (stealth).
  9670 | D:10     | Reached skill level 11 in Axes
  9672 | D:10     | 9672 ||| INVOKING Heroism.
  9793 | D:10     | 9793 ||| Stepping ~*~*~tactically~*~*~ (stealth).
  9795 | D:10     | 9795 ||| Stepping ~*~*~tactically~*~*~ (stealth).
  9801 | D:10     | 9801 ||| Stepping ~*~*~tactically~*~*~ (stealth).
  9811 | D:10     | 9811 ||| Stepping ~*~*~tactically~*~*~ (hiding).
  9814 | D:10     | 9814 ||| Stepping ~*~*~tactically~*~*~ (hiding).
  9816 | D:10     | 9816 ||| Stepping ~*~*~tactically~*~*~ (hiding).
  9817 | D:10     | 9817 ||| Stepping ~*~*~tactically~*~*~ (hiding).
  9819 | D:10     | 9819 ||| DRINKING 2 potions of curing.
  9819 | D:10     | 9819 ||| (to cure confusion)
  9827 | D:10     | Reached XP level 11. HP: 66/68 MP: 14/14
  9841 | D:10     | 9841 ||| Stepping ~*~*~tactically~*~*~ (hiding).
  9843 | D:10     | 9843 ||| INVOKING Heroism.
  9871 | D:10     | Noticed a two-headed ogre
  9872 | D:10     | 9872 ||| Stepping ~*~*~tactically~*~*~ (stealth).
  9875 | D:10     | 9875 ||| INVOKING Heroism.
  9885 | D:10     | Killed a two-headed ogre
  9886 | D:10     | Reached skill level 9 in Fighting
  9949 | D:10     | 9949 ||| INVOKING Heroism.
  9951 | D:10     | 9951 ||| Stepping ~*~*~tactically~*~*~ (stealth).
  9964 | D:10     | 9964 ||| Stepping ~*~*~tactically~*~*~ (hiding).
  9965 | D:10     | 9965 ||| Stepping ~*~*~tactically~*~*~ (hiding).
 10087 | D:10     | 10087 ||| READING scroll of enchant armour.
 10087 | D:10     | 10087 ||| ENCHANTING +0 pair of gloves.
 10318 | D:10     | 10318 ||| Stepping ~*~*~tactically~*~*~ (stealth).
 10408 | D:10     | Found a staircase to the Orcish Mines.
 10411 | D:10     | 10411 ||| INVOKING Heroism.
 10436 | D:10     | 10436 ||| Stepping ~*~*~tactically~*~*~ (hiding).
 10437 | D:10     | 10437 ||| Stepping ~*~*~tactically~*~*~ (hiding).
 10611 | D:11     | Found a staircase to the Lair.
 10634 | D:11     | 10634 ||| INVOKING Heroism.
 10733 | D:11     | Found a stormy altar of Qazlal.
 10743 | D:11     | 10743 ||| Stepping ~*~*~tactically~*~*~ (hiding).
 10776 | D:11     | 10776 ||| Stepping ~*~*~tactically~*~*~ (stealth).
 10777 | D:11     | 10777 ||| Stepping ~*~*~tactically~*~*~ (stealth).
 10820 | D:11     | 10820 ||| Stepping ~*~*~tactically~*~*~ (stealth).
 10974 | D:11     | You fall into a shaft and drop 1 floor!
 10976 | D:12     | 10976 ||| READING 3 scrolls of identify.
 10976 | D:12     | 10976 ||| IDENTIFYING viscous white potion
 10977 | D:12     | 10977 ||| DROPPING potion of invisibility.
 11000 | D:11     | Reached **** piety under Okawaru
 11060 | D:11     | Reached skill level 12 in Axes
 11207 | D:11     | 11207 ||| INVOKING Heroism.
 11253 | D:11     | 11253 ||| PLANNING LAIR
 11297 | Lair:1   | Entered Level 1 of the Lair of Beasts
 11379 | Lair:1   | 11379 ||| INVOKING Heroism.
 11407 | Lair:1   | 11407 ||| Stepping ~*~*~tactically~*~*~ (stealth).
 11408 | Lair:1   | 11408 ||| Stepping ~*~*~tactically~*~*~ (stealth).
 11461 | Lair:1   | 11461 ||| INVOKING Heroism.
 11462 | Lair:1   | 11462 ||| Stepping ~*~*~tactically~*~*~ (stealth).
 11710 | Lair:1   | Reached skill level 6 in Invocations
 11914 | Lair:1   | 11914 ||| INVOKING Heroism.
 11943 | Lair:1   | 11943 ||| READING scroll of enchant armour.
 11943 | Lair:1   | 11943 ||| ENCHANTING +1 pair of gloves.
 12141 | Lair:2   | Identified the +0 ring mail of the Morning {Regen+ Str-2
                  | Dex+9 Stlth+}
 12144 | Lair:2   | 12144 ||| INVOKING Heroism.
 12314 | Lair:2   | 12314 ||| INVOKING Heroism.
 12325 | Lair:2   | Reached XP level 12. HP: 62/77 MP: 15/17
 12491 | Lair:2   | 12491 ||| INVOKING Heroism.
 12605 | Lair:2   | 12605 ||| Stepping ~*~*~tactically~*~*~ (hiding).
 12697 | Lair:2   | 12697 ||| INVOKING Heroism.
 13155 | Lair:3   | Noticed a death yak
 13155 | Lair:3   | Noticed a death yak
 13156 | Lair:3   | 13156 ||| Stepping ~*~*~tactically~*~*~ (stealth).
 13157 | Lair:3   | Noticed a death yak
 13158 | Lair:3   | 13158 ||| Stepping ~*~*~tactically~*~*~ (stealth).
 13159 | Lair:3   | Noticed a death yak
 13160 | Lair:3   | 13160 ||| INVOKING Heroism.
 13169 | Lair:3   | Killed a death yak
 13174 | Lair:3   | Killed a death yak
 13174 | Lair:3   | Received a gift from Okawaru
 13271 | Lair:3   | 13271 ||| Stepping ~*~*~tactically~*~*~ (stealth).
 13273 | Lair:3   | 13273 ||| Stepping ~*~*~tactically~*~*~ (stealth).
 13276 | Lair:3   | 13276 ||| Stepping ~*~*~tactically~*~*~ (stealth).
 13277 | Lair:3   | Noticed a death yak
 13278 | Lair:3   | 13278 ||| Stepping ~*~*~tactically~*~*~ (stealth).
 13280 | Lair:3   | 13280 ||| INVOKING Heroism.
 13289 | Lair:3   | Killed a death yak
 13293 | Lair:3   | Reached skill level 9 in Invocations
 13299 | Lair:3   | Killed a death yak
 13303 | Lair:3   | Killed a death yak
 13303 | Lair:3   | Reached ***** piety under Okawaru
 13304 | Lair:3   | Reached skill level 13 in Axes
 13327 | Lair:3   | 13327 ||| INVOKING Heroism.
 13373 | Lair:3   | 13373 ||| READING scroll of enchant weapon.
 13373 | Lair:3   | 13373 ||| ENCHANTING +2 broad axe of freezing.
 13415 | Lair:3   | 13415 ||| INVOKING Heroism.
 13471 | Lair:3   | Found a hole to the Spider Nest.
 13478 | Lair:3   | 13478 ||| INVOKING Heroism.
 13557 | Lair:3   | Noticed a catoblepas
 13558 | Lair:3   | 13558 ||| Stepping ~*~*~tactically~*~*~ (stealth).
 13559 | Lair:3   | 13559 ||| Stepping ~*~*~tactically~*~*~ (stealth).
 13564 | Lair:3   | 13564 ||| Stepping ~*~*~tactically~*~*~ (stealth).
 13567 | Lair:3   | 13567 ||| Stepping ~*~*~tactically~*~*~ (hiding).
 13571 | Lair:3   | 13571 ||| INVOKING Heroism.
 13580 | Lair:3   | Killed a catoblepas
 13581 | Lair:3   | Reached skill level 3 in Throwing
 13628 | Lair:3   | 13628 ||| Stepping ~*~*~tactically~*~*~ (stealth).
 13630 | Lair:3   | 13630 ||| Stepping ~*~*~tactically~*~*~ (stealth).
 13632 | Lair:3   | 13632 ||| Stepping ~*~*~tactically~*~*~ (stealth).
 13634 | Lair:3   | 13634 ||| Stepping ~*~*~tactically~*~*~ (stealth).
 13653 | Lair:3   | Reached skill level 9 in Armour
 13713 | Lair:3   | 13713 ||| Stepping ~*~*~tactically~*~*~ (stealth).
 13723 | Lair:3   | Reached XP level 13. HP: 77/82 MP: 20/20
 13777 | Lair:3   | 13777 ||| INVOKING Heroism.
 13811 | Lair:3   | Received a gift from Okawaru
 13906 | Lair:3   | Found a staircase to the Shoals.
 13907 | Lair:3   | 13907 ||| Stepping ~*~*~tactically~*~*~ (hiding).
 13908 | Lair:3   | 13908 ||| Stepping ~*~*~tactically~*~*~ (hiding).
 14182 | Lair:4   | 14182 ||| INVOKING Heroism.
 14227 | Lair:4   | Received a gift from Okawaru
 14237 | Lair:4   | 14237 ||| Stepping ~*~*~tactically~*~*~ (stealth).
 14261 | Lair:4   | Found a staircase to the Slime Pits.
 14261 | Lair:4   | Found a viscous altar of Jiyva.
 14262 | Lair:4   | 14262 ||| Stepping ~*~*~tactically~*~*~ (stealth).
 14263 | Lair:4   | 14263 ||| Stepping ~*~*~tactically~*~*~ (stealth).
 14266 | Lair:4   | 14266 ||| Stepping ~*~*~tactically~*~*~ (stealth).
 14283 | Lair:4   | 14283 ||| Stepping ~*~*~tactically~*~*~ (stealth).
 14284 | Lair:4   | 14284 ||| Stepping ~*~*~tactically~*~*~ (stealth).
 14346 | Lair:4   | 14346 ||| Stepping ~*~*~tactically~*~*~ (stealth).
 14365 | Lair:4   | 14365 ||| INVOKING Heroism.
 14395 | Lair:4   | 14395 ||| INVOKING Finesse.
 14407 | Lair:4   | 14407 ||| Stepping ~*~*~tactically~*~*~ (stealth).
 14420 | Lair:4   | Identified the +11 executioner's axe of Hischeso {heavy,
                  | Str+4 Int+3} (Okawaru gifted it to you on level 4 of the
                  | Lair of Beasts)
 14420 | Lair:4   | Received a gift from Okawaru
 14421 | Lair:4   | Reached skill level 14 in Axes
 14487 | Lair:4   | 14487 ||| Stepping ~*~*~tactically~*~*~ (stealth).
 14519 | Lair:4   | 14519 ||| Stepping ~*~*~tactically~*~*~ (stealth).
 14622 | Lair:4   | 14622 ||| Stepping ~*~*~tactically~*~*~ (stealth).
 14623 | Lair:4   | 14623 ||| Stepping ~*~*~tactically~*~*~ (stealth).
 14628 | Lair:4   | 14628 ||| Stepping ~*~*~tactically~*~*~ (stealth).
 14665 | Lair:4   | 14665 ||| Stepping ~*~*~tactically~*~*~ (stealth).
 14666 | Lair:4   | 14666 ||| Stepping ~*~*~tactically~*~*~ (stealth).
 14674 | Lair:4   | 14674 ||| Stepping ~*~*~tactically~*~*~ (stealth).
 14675 | Lair:4   | 14675 ||| Stepping ~*~*~tactically~*~*~ (stealth).
 14695 | Lair:4   | 14695 ||| Stepping ~*~*~tactically~*~*~ (stealth).
 14721 | Lair:4   | 14721 ||| INVOKING Heroism.
 14817 | Lair:4   | 14817 ||| Stepping ~*~*~tactically~*~*~ (stealth).
 15199 | Lair:4   | 15199 ||| READING scroll labelled LASHRA RITRIA.
 15220 | Lair:5   | Entered Level 5 of the Lair of Beasts
 15221 | Lair:5   | 15221 ||| INVOKING Heroism.
 15229 | Lair:5   | 15229 ||| INVOKING Finesse.
 15238 | Lair:5   | 15238 ||| SWAPPING to +1 war axe of flaming.
 15245 | Lair:5   | 15245 ||| SWAPPING to +3 broad axe of freezing.
 15382 | Lair:5   | 15382 ||| Stepping ~*~*~tactically~*~*~ (stealth).
 15449 | Lair:5   | 15449 ||| READING scroll of enchant weapon.
 15449 | Lair:5   | 15449 ||| ENCHANTING +3 broad axe of freezing.
 15498 | Lair:5   | 15498 ||| READING scroll of acquirement.
 15498 | Lair:5   | 15498 ||| ACQUIRING 1258 gold pieces
 15498 | Lair:5   | Acquired 1258 gold pieces
 15536 | Lair:5   | 15536 ||| INVOKING Heroism.
 15537 | Lair:5   | 15537 ||| INVOKING Finesse.
 15545 | Lair:5   | Received a gift from Okawaru
 15605 | Lair:5   | 15605 ||| INVOKING Heroism.
 15606 | Lair:5   | 15606 ||| INVOKING Finesse.
 15608 | Lair:5   | 15608 ||| Stepping ~*~*~tactically~*~*~ (stealth).
 15616 | Lair:5   | 15616 ||| Stepping ~*~*~tactically~*~*~ (stealth).
 15617 | Lair:5   | 15617 ||| Stepping ~*~*~tactically~*~*~ (stealth).
 15630 | Lair:5   | Reached skill level 15 in Axes
 15635 | Lair:5   | Gained mutation: Your large and strong wings let you fly.
                  | [Gargoyle growth]
 15635 | Lair:5   | Reached XP level 14. HP: 90/90 MP: 16/21
 15681 | Lair:5   | 15681 ||| Stepping ~*~*~tactically~*~*~ (stealth).
 15682 | Lair:5   | 15682 ||| Stepping ~*~*~tactically~*~*~ (stealth).
 15719 | Lair:5   | 15719 ||| INVOKING Heroism.
 15720 | Lair:5   | 15720 ||| INVOKING Finesse.
 15756 | Lair:5   | Reached skill level 3 in Dodging
 15757 | Lair:5   | 15757 ||| INVOKING Heroism.
 15968 | Lair:5   | 15968 ||| INVOKING Heroism.
 15969 | Lair:5   | 15969 ||| INVOKING Finesse.
 16029 | Lair:5   | 16029 ||| INVOKING Heroism.
 16030 | Lair:5   | 16030 ||| INVOKING Finesse.
 16031 | Lair:5   | 16031 ||| INVOKING Finesse.
 16070 | Lair:5   | Reached skill level 12 in Fighting
 16108 | Lair:5   | 16108 ||| Stepping ~*~*~tactically~*~*~ (stealth).
 16110 | Lair:5   | 16110 ||| Stepping ~*~*~tactically~*~*~ (stealth).
 16112 | Lair:5   | 16112 ||| INVOKING Heroism.
 16113 | Lair:5   | 16113 ||| INVOKING Finesse.
 16128 | Lair:5   | 16128 ||| Stepping ~*~*~tactically~*~*~ (hiding).
 16171 | Lair:5   | 16171 ||| INVOKING Heroism.
 16172 | Lair:5   | 16172 ||| INVOKING Finesse.
 16232 | Lair:5   | 16232 ||| INVOKING Heroism.
 16233 | Lair:5   | 16233 ||| INVOKING Finesse.
 16300 | Lair:5   | 16300 ||| INVOKING Finesse.
 16305 | Lair:5   | 16305 ||| INVOKING Heroism.
 16308 | Lair:5   | Received a gift from Okawaru
 16309 | Lair:5   | Reached skill level 6 in Throwing
 16498 | Lair:5   | 16498 ||| PLANNING D
 16498 | Lair:5   | 16498 ||| DROPPING +1 hat of intelligence.
 16742 | D:12     | Noticed Josephine
 16751 | D:12     | Killed Josephine
 16755 | D:12     | Received a gift from Okawaru
 17023 | D:12     | 17023 ||| Stepping ~*~*~tactically~*~*~ (hiding).
 17025 | D:12     | 17025 ||| Stepping ~*~*~tactically~*~*~ (hiding).
 17027 | D:12     | 17027 ||| Stepping ~*~*~tactically~*~*~ (hiding).
 17028 | D:12     | 17028 ||| Stepping ~*~*~tactically~*~*~ (hiding).
 17031 | D:12     | 17031 ||| Stepping ~*~*~tactically~*~*~ (hiding).
 17139 | D:12     | Found the ring of Shadows {Umbra +Inv Stlth+}
 17204 | D:12     | Noticed Maurice
 17205 | D:12     | 17205 ||| Stepping ~*~*~tactically~*~*~ (hiding).
 17221 | D:12     | Killed Maurice
 17260 | D:12     | Noticed Frances
 17261 | D:12     | 17261 ||| INVOKING Heroism.
 17276 | D:12     | Killed Frances
 17433 | D:12     | 17433 ||| INVOKING Heroism.
 17580 | D:12     | Noticed Fannar
 17606 | D:12     | Killed Fannar
 17626 | D:12     | 17626 ||| UPGRADING to +2 cloak.
 17636 | D:12     | 17636 ||| DROPPING +0 cloak.
 17714 | D:13     | 17714 ||| Stepping ~*~*~tactically~*~*~ (hiding).
 17721 | D:13     | Reached skill level 16 in Axes
 17838 | D:13     | 17838 ||| INVOKING Heroism.
 17839 | D:13     | 17839 ||| INVOKING Finesse.
 18164 | D:13     | 18164 ||| INVOKING Heroism.
 18365 | D:13     | 18365 ||| READING scroll of enchant weapon.
 18365 | D:13     | 18365 ||| ENCHANTING +4 broad axe of freezing.
 18393 | D:13     | 18393 ||| INVOKING Heroism.
 18413 | D:13     | Reached XP level 15. HP: 96/96 MP: 22/22
 18472 | D:13     | Found a large runed translucent door.
 18473 | D:13     | Found a large runed translucent door.
 18476 | D:13     | Noticed Dittersdorf's ghost (journeyman MiBe)
 18776 | D:14     | 18776 ||| INVOKING Heroism.
 18777 | D:14     | Found a frozen archway.
 18789 | D:14     | Received a gift from Okawaru
 18985 | D:14     | 18985 ||| INVOKING Heroism.
 19015 | D:14     | 19015 ||| Stepping ~*~*~tactically~*~*~ (stealth).
 19024 | D:14     | 19024 ||| Stepping ~*~*~tactically~*~*~ (stealth).
 19025 | D:14     | 19025 ||| Stepping ~*~*~tactically~*~*~ (stealth).
 19130 | D:14     | 19130 ||| INVOKING Heroism.
 19272 | D:14     | Found a gate to the Vaults.
 19296 | D:14     | 19296 ||| INVOKING Heroism.
 19460 | D:14     | Received a gift from Okawaru
 19698 | D:14     | 19698 ||| INVOKING Heroism.
 19961 | D:14     | 19961 ||| Stepping ~*~*~tactically~*~*~ (hiding).
 19963 | D:14     | 19963 ||| Stepping ~*~*~tactically~*~*~ (hiding).
 20250 | D:14     | 20250 ||| DROPPING scarf of shadows.
 20282 | D:15     | Entered Level 15 of the Dungeon
 20310 | D:15     | 20310 ||| Stepping ~*~*~tactically~*~*~ (hiding).
 20318 | D:15     | 20318 ||| INVOKING Heroism.
 20392 | D:15     | 20392 ||| FLEEEEING.
 20393 | D:15     | 20393 ||| FLEEEEING.
 20394 | D:15     | 20394 ||| FLEEEEING.
 20395 | D:15     | 20395 ||| INVOKING Heroism.
 20396 | D:15     | 20396 ||| SWAPPING to +1 war axe of flaming.
 20400 | D:15     | 20400 ||| SWAPPING to +5 broad axe of freezing.
 20548 | D:15     | 20548 ||| READING scroll of enchant armour.
 20548 | D:15     | 20548 ||| ENCHANTING +0 helmet.
 20623 | D:15     | 20623 ||| INVOKING Heroism.
 20630 | D:15     | Reached skill level 17 in Axes
 20869 | D:15     | 20869 ||| FLEEEEING.
 20870 | D:15     | 20870 ||| FLEEEEING.
 20871 | D:15     | 20871 ||| FLEEEEING.
 20872 | D:15     | 20872 ||| FLEEEEING.
 20873 | D:15     | 20873 ||| FLEEEEING.
 20874 | D:15     | 20874 ||| FLEEEEING.
 20875 | D:15     | 20875 ||| FLEEEEING.
 20882 | D:15     | 20882 ||| FLEEEEING.
 20883 | D:15     | 20883 ||| FLEEEEING.
 20884 | D:15     | 20884 ||| FLEEEEING.
 20885 | D:15     | 20885 ||| FLEEEEING.
 20886 | D:15     | 20886 ||| FLEEEEING.
 20887 | D:15     | 20887 ||| FLEEEEING.
 20888 | D:15     | 20888 ||| FLEEEEING.
 20889 | D:15     | 20889 ||| FLEEEEING.
 20890 | D:15     | 20890 ||| FLEEEEING.
 20891 | D:15     | 20891 ||| FLEEEEING.
 20892 | D:15     | 20892 ||| FLEEEEING.
 20893 | D:15     | 20893 ||| FLEEEEING.
 20898 | D:15     | 20898 ||| FLEEEEING.
 20899 | D:15     | 20899 ||| FLEEEEING.
 20900 | D:15     | 20900 ||| FLEEEEING.
 20901 | D:15     | 20901 ||| FLEEEEING.
 20902 | D:15     | 20902 ||| FLEEEEING.
 20903 | D:15     | 20903 ||| FLEEEEING.
 20908 | D:15     | 20908 ||| FLEEEEING.
 20909 | D:15     | 20909 ||| FLEEEEING.
 20910 | D:15     | 20910 ||| FLEEEEING.
 20915 | D:15     | 20915 ||| FLEEEEING.
 20916 | D:15     | 20916 ||| FLEEEEING.
 20917 | D:15     | 20917 ||| FLEEEEING.
 20918 | D:15     | 20918 ||| FLEEEEING.
 20924 | D:15     | 20924 ||| FLEEEEING.
 20925 | D:15     | 20925 ||| FLEEEEING.
 20926 | D:15     | 20926 ||| FLEEEEING.
 20927 | D:15     | 20927 ||| FLEEEEING.
 20928 | D:15     | 20928 ||| FLEEEEING.
 20929 | D:15     | 20929 ||| FLEEEEING.
 20930 | D:15     | 20930 ||| FLEEEEING.
 20931 | D:15     | 20931 ||| FLEEEEING.
 20932 | D:15     | 20932 ||| FLEEEEING.
 20933 | D:15     | 20933 ||| FLEEEEING.
 20934 | D:15     | 20934 ||| FLEEEEING.
 20935 | D:15     | 20935 ||| FLEEEEING.
 20936 | D:15     | 20936 ||| FLEEEEING.
 20942 | D:15     | 20942 ||| FLEEEEING.
 20943 | D:15     | 20943 ||| FLEEEEING.
 20945 | D:15     | 20945 ||| FLEEEEING.
 20946 | D:15     | 20946 ||| FLEEEEING.
 20947 | D:15     | 20947 ||| FLEEEEING.
 20948 | D:15     | 20948 ||| FLEEEEING.
 20949 | D:15     | 20949 ||| FLEEEEING.
 20950 | D:15     | 20950 ||| FLEEEEING.
 20951 | D:15     | 20951 ||| FLEEEEING.
 20952 | D:15     | 20952 ||| FLEEEEING.
 20953 | D:15     | 20953 ||| FLEEEEING.
 20954 | D:15     | 20954 ||| FLEEEEING.
 20955 | D:15     | 20955 ||| FLEEEEING.
 20956 | D:15     | 20956 ||| FLEEEEING.
 20962 | D:15     | 20962 ||| FLEEEEING.
 20963 | D:15     | 20963 ||| FLEEEEING.
 20964 | D:15     | 20964 ||| FLEEEEING.
 20965 | D:15     | 20965 ||| FLEEEEING.
 20966 | D:15     | 20966 ||| FLEEEEING.
 20967 | D:15     | 20967 ||| FLEEEEING.
 20968 | D:15     | 20968 ||| FLEEEEING.
 20969 | D:15     | 20969 ||| FLEEEEING.
 20970 | D:15     | 20970 ||| FLEEEEING.
 20975 | D:15     | 20975 ||| FLEEEEING.
 20976 | D:15     | 20976 ||| STAIRDANCE
 21084 | D:15     | 21084 ||| INVOKING Heroism.
 21232 | D:15     | Found a staircase to the Depths.
 21233 | D:15     | 21233 ||| INVOKING Heroism.
 21399 | D:15     | 21399 ||| Stepping ~*~*~tactically~*~*~ (stealth).
 21407 | D:15     | 21407 ||| DRINKING potion of curing.
 21407 | D:15     | 21407 ||| (to cure confusion)
 21418 | D:15     | 21418 ||| FLEEEEING.
 21419 | D:15     | 21419 ||| FLEEEEING.
 21420 | D:15     | 21420 ||| FLEEEEING.
 21421 | D:15     | 21421 ||| FLEEEEING.
 21542 | D:15     | 21542 ||| Stepping ~*~*~tactically~*~*~ (stealth).
 21722 | D:15     | 21722 ||| PLANNING ORC
 21913 | Orc:1    | Entered Level 1 of the Orcish Mines
 21977 | Orc:1    | 21977 ||| Stepping ~*~*~tactically~*~*~ (stealth).
 21978 | Orc:1    | 21978 ||| Stepping ~*~*~tactically~*~*~ (stealth).
 22063 | Orc:1    | 22063 ||| INVOKING Heroism.
 22076 | Orc:1    | Received a gift from Okawaru
 22298 | Orc:1    | 22298 ||| UPGRADING to +10 plate armour of ponderousness.
 22308 | Orc:1    | 22308 ||| DROPPING +7 chain mail of the Evil One {rPois
                  | Int+5}.
 22323 | Orc:2    | Entered Level 2 of the Orcish Mines
 22325 | Orc:2    | 22325 ||| Stepping ~*~*~tactically~*~*~ (stealth).
 22325 | Orc:2    | Found a staircase to the Elven Halls.
 22327 | Orc:2    | 22327 ||| Stepping ~*~*~tactically~*~*~ (stealth).
 22328 | Orc:2    | 22328 ||| Stepping ~*~*~tactically~*~*~ (stealth).
 22329 | Orc:2    | 22329 ||| Stepping ~*~*~tactically~*~*~ (stealth).
 22330 | Orc:2    | 22330 ||| Stepping ~*~*~tactically~*~*~ (stealth).
 22336 | Orc:2    | 22336 ||| Stepping ~*~*~tactically~*~*~ (stealth).
 22441 | Orc:2    | 22441 ||| Stepping ~*~*~tactically~*~*~ (hiding).
 22445 | Orc:2    | 22445 ||| Stepping ~*~*~tactically~*~*~ (hiding).
 22643 | Orc:2    | 22643 ||| Stepping ~*~*~tactically~*~*~ (stealth).
 22847 | Orc:2    | Found Qiusoent's Book Emporium.
 22933 | Orc:2    | 22933 ||| Stepping ~*~*~tactically~*~*~ (hiding).
 22940 | Orc:2    | Found Vatobb's General Store.
 22942 | Orc:2    | 22942 ||| INVOKING Heroism.
 22965 | Orc:2    | Paralysed by an orc sorcerer for 2 turns
 22976 | Orc:2    | Paralysed by an orc sorcerer for 2 turns
 22982 | Orc:2    | Received a gift from Okawaru
 22986 | Orc:2    | 22986 ||| Stepping ~*~*~tactically~*~*~ (hiding).
 22989 | Orc:2    | Reached skill level 12 in Armour
 22991 | Orc:2    | 22991 ||| INVOKING Finesse.
 23029 | Orc:2    | 23029 ||| INVOKING Heroism.
 23194 | Orc:2    | Found Atiraum's Jewellery Boutique.
 23198 | Orc:2    | 23198 ||| BUYING wand of digging (8) (470 gold).
 23198 | Orc:2    | Bought a wand of digging (8) for 470 gold pieces
 23201 | Orc:2    | 23201 ||| BUYING +5 ring of evasion (504 gold).
 23201 | Orc:2    | Bought a +5 ring of evasion for 504 gold pieces
 23201 | Orc:2    | 23201 ||| BUYING ring of ice (350 gold).
 23201 | Orc:2    | Bought a ring of ice for 350 gold pieces
 23201 | Orc:2    | Found Orocor's Antique Weapon Boutique.
 23203 | Orc:2    | Found Uket's Armour Shoppe.
 23212 | Orc:2    | 23212 ||| BUYING +0 chain mail "Leupatta" {rC+ Regen+} (296
                  | gold).
 23212 | Orc:2    | Bought the +0 chain mail "Leupatta" {rC+ Regen+} for 296
                  | gold pieces
 23349 | Orc:2    | 23349 ||| PLANNING SPIDER:1-3
 23349 | Orc:2    | 23349 ||| UPGRADING to +5 ring of evasion.
 23351 | Orc:2    | 23351 ||| DROPPING +4 ring of protection.
 23491 | Spider:1 | Entered Level 1 of the Spider Nest
 23502 | Spider:1 | Noticed an emperor scorpion
 23503 | Spider:1 | 23503 ||| INVOKING Heroism.
 23515 | Spider:1 | Killed an emperor scorpion
 23536 | Spider:1 | 23536 ||| INVOKING Heroism.
 23601 | Spider:1 | 23601 ||| INVOKING Finesse.
 23614 | Spider:1 | Received a gift from Okawaru
 23673 | Spider:1 | Reached XP level 16. HP: 99/104 MP: 23/23
 23873 | Spider:1 | 23873 ||| INVOKING Finesse.
 23997 | Spider:1 | 23997 ||| Stepping ~*~*~tactically~*~*~ (stealth).
 24006 | Spider:1 | 24006 ||| Stepping ~*~*~tactically~*~*~ (hiding).
 24028 | Spider:1 | 24028 ||| INVOKING Heroism.
 24594 | Spider:1 | 24594 ||| INVOKING Heroism.
 24598 | Spider:1 | Received a gift from Okawaru
 25046 | Spider:2 | Noticed Arachne
 25047 | Spider:2 | 25047 ||| INVOKING Heroism.
 25048 | Spider:2 | 25048 ||| INVOKING Finesse.
 25067 | Spider:2 | Identified the +3 scale mail "Uxzimap" {Int+6} (Okawaru
                  | gifted it to you on level 2 of the Spider Nest)
 25067 | Spider:2 | Received a gift from Okawaru
 25068 | Spider:2 | Reached skill level 18 in Axes
 25093 | Spider:2 | Killed Arachne
 25297 | Spider:2 | 25297 ||| READING scroll of enchant armour.
 25297 | Spider:2 | 25297 ||| ENCHANTING +1 helmet.
 25391 | Spider:2 | Reached skill level 9 in Shields
 25503 | Spider:2 | 25503 ||| Stepping ~*~*~tactically~*~*~ (stealth).
 25601 | Spider:2 | 25601 ||| Stepping ~*~*~tactically~*~*~ (stealth).
 25657 | Spider:2 | 25657 ||| INVOKING Heroism.
 25777 | Spider:2 | 25777 ||| Stepping ~*~*~tactically~*~*~ (stealth).
 25779 | Spider:2 | 25779 ||| Stepping ~*~*~tactically~*~*~ (stealth).
 25821 | Spider:2 | 25821 ||| Stepping ~*~*~tactically~*~*~ (stealth).
 26022 | Spider:2 | 26022 ||| DROPPING +2 pair of gloves of infusion.
 26050 | Spider:3 | 26050 ||| INVOKING Finesse.
 26087 | Spider:3 | HP: 25/104 [disintegration (13)]
 26088 | Spider:3 | 26088 ||| READING 11 scrolls of teleportation.
 26089 | Spider:3 | 26089 ||| DRINKING 4 potions of heal wounds.
 26090 | Spider:3 | 26090 ||| INVOKING Heroism.
 26114 | Spider:3 | HP: 18/104 [wolf spider (10)]
 26115 | Spider:3 | 26115 ||| READING 10 scrolls of teleportation.
 26116 | Spider:3 | 26116 ||| DRINKING 3 potions of heal wounds.
 26118 | Spider:3 | 26118 ||| DRINKING 2 potions of heal wounds.
 26128 | Spider:3 | HP: 23/104 [disintegration (10)]
 26129 | Spider:3 | 26129 ||| READING 9 scrolls of teleportation.
 26130 | Spider:3 | 26130 ||| DRINKING potion of heal wounds.
 26137 | Spider:3 | HP: 25/104 [disintegration (9)]
 26138 | Spider:3 | 26138 ||| READING 8 scrolls of teleportation.
 26142 | Spider:3 | 26142 ||| READING 7 scrolls of teleportation.
 26147 | Spider:3 | HP: 22/105 [redback (1)]
 26149 | Spider:3 | 26149 ||| READING 6 scrolls of teleportation.
 26150 | Spider:3 | 26150 ||| INVOKING Heroism.
 26152 | Spider:3 | Identified the +0 pair of boots "Waxuni" {+Blink rC- Int+3
                  | Stlth+}
 26153 | Spider:3 | HP: 19/105 [something (5)]
 26156 | Spider:3 | 26156 ||| Stepping randomly (disturbance).
 26182 | Spider:3 | 26182 ||| INVOKING Heroism.
 26185 | Spider:3 | 26185 ||| READING 5 scrolls of teleportation.
 26189 | Spider:3 | 26189 ||| READING 4 scrolls of teleportation.
 26194 | Spider:3 | 26194 ||| READING 3 scrolls of teleportation.
 26200 | Spider:3 | 26200 ||| READING 2 scrolls of teleportation.
 26206 | Spider:3 | 26206 ||| INVOKING Finesse.
 26211 | Spider:3 | HP: 19/106 [redback[a broodmother] (11)]
 26212 | Spider:3 | 26212 ||| READING scroll of teleportation.
 26219 | Spider:3 | HP: 11/106 [emperor scorpion (9)]
 26228 | Spider:3 | 26228 ||| FLEEEEING.
 26233 | Spider:3 | HP: 14/106 [culicivora (1)]
 26234 | Spider:3 | HP: 4/106 [entropy weaver (10)]
 26238 | Spider:3 | 26238 ||| DRINKING 4 potions of cancellation.
 26239 | Spider:3 | 26239 ||| INVOKING Heroism.
 26246 | Spider:3 | Mangled by a wolf spider

Levels and vault maps discovered:
D:1:      heliophobic_arrival_dark_side_of_the_moon, layout_loops_ring,
          st_stairs_10
D:2:      layout_loops_ring, chequers_serial_rivers_micro_e,
          grunt_decor_junction
D:3:      layout_basic, nicolae_qazlal_beasts_of_the_sky,
          nicolae_overflow_hidden_temple, minmay_close_crescents
D:4:      layout_cave_pools, minmay_temple_entry_gardened_gates
D:5:      layout_basic, mainiacjoe_overflow_large_starburst,
          serial_bayou_pond_b, nicolae_zen_rock_garden, uniq_blork_the_orc
D:6:      layout_rooms, minmay_misc_feat_plants, wad_floor_pattern_2
D:7:      layout_loops_ring, nicolae_shop_firing_range, uniq_prince_ribbit1
D:8:      layout_basic, good_gods_mini_temple, vehumet_altar_wand_db,
          enter_ossuary_2, amcnicky_mini_pool_small
D:9:      layout_big_octagon, gammafunk_ghost_cemetery, serial_shops,
          kennysheep_mini_moat, nicolae_shop_waterfront, shop, kennysheep_mini,
          uniq_erolcha
D:10:     layout_loops_ring, erik_orc_1, minmay_misc_feat_secret_circle,
          nicolae_stop_n_shop_1
D:11:     layout_small_grid, lair_entry_dummy, grunt_qazlal_clouds
D:12:     layout_irregular_city, uniq_maurice, uniq_frances, uniq_josephine,
          uniq_fannar
D:13:     layout_roguey, ebering_ghost_disaster_area
D:14:     layout_gridville, erik_vaults_1, portal_ice_cave_entry_dragon
D:15:     grunt_enter_depths_snipers, layout_basic, nicolae_water_bricks,
          hangedman_decor_diamond_cutter
Temple:   nicolae_temple_slightly_damp_pantheon
Lair:1:   layout_roguey, grunt_megastairs_5
Lair:2:   layout_chaotic_city
Lair:3:   layout_roguey, minmay_shoals_entry_lonely_mermaid,
          spider_nest_entry_rubble
Lair:4:   layout_loops_ring, minmay_slime_entry_jelly_boxes,
          roderic_carrion_pond
Lair:5:   evilmike_catoblepas_cave, layout_loops_ring, columned_hall_lemuel,
          grunt_forest_stairs_basic, nicolae_lair_grazing_beasts
          [nicolae_sub_lair_graze_edge, nicolae_sub_lair_graze_edge,
          nicolae_sub_lair_graze_edge, nicolae_sub_lair_graze_edge]
Spider:1: layout_cave_pods
Spider:2: layout_spider_delve, uniq_arachne
Spider:3: layout_spider_delve, nicolae_spider_scorpion_nest
Orc:1:    layout_caves
Orc:2:    st_orc_elflike, layout_diamond_mine, serial_shops,
          nicolae_shop_tiny_real_fake_doors, minmay_orc_temple_a

Skill      XL: |  1  2  3  4  5  6  7  8  9 10 11 12 13 14 15 16 |
---------------+-------------------------------------------------+-----
Axes           | 2 3 4 5 7 8 9 11 12 13 15 16 17 18 | 18.0
Fighting       | 4 5 6 7 8 10 11 12 13 14 | 14.1
Dodging        | 1 2 3 |  3.2
Invocations    | 3 4 7 10 | 10.0
Armour         | 4 5 7 8 9 10 13 14 | 14.0
Throwing       | 1 3 5 6 7 |  7.0
Shields        | 4 6 7 8 9 |  9.0

Action                     |  1- 3 |  4- 6 |  7- 9 | 10-12 | 13-15 | 16-18 || total
---------------------------+-------+-------+-------+-------+-------+-------++-------
  Melee: War axe           |   100 |   132 |   177 |       |     9 |       ||   418
         Broad axe         |       |       |   169 |   490 |   898 |   354 ||  1911
  Throw: Javelin           |    11 |     4 |       |    11 |   111 |    51 ||   188
         Boomerang         |       |       |    32 |    83 |    86 |    12 ||   213
 Invoke: Heroism           |       |       |    14 |    27 |    35 |     8 ||    84
         Finesse           |       |       |       |       |    14 |     4 ||    18
    Use: Scroll            |     2 |     9 |     9 |    11 |     5 |    12 ||    48
         Potion            |       |     2 |     1 |     2 |     1 |     5 ||    11
   Stab: Held in net/web   |       |       |       |       |       |     1 ||     1
 Armour: Scale mail        |    50 |    62 |       |       |       |       ||   112
         Chain mail        |       |     6 |   216 |   224 |   374 |       ||   820
         Plate armour      |       |       |       |       |    76 |   398 ||   474
  Dodge: Dodged            |    39 |    35 |   136 |   242 |   378 |   450 ||  1280
  Block: Buckler           |    22 |    17 |    93 |    97 |   193 |   124 ||   546

Table legend:
 A = Non-vault XP
 B = Vault XP
 C = Vault XP percentage of total XP
 D = Non-vault monster count
 E = Vault monster count
 F = Vault count percentage of total count
                 A         B        C        D         E       F
            +---------+---------+-------+---------+---------+-------
      Total |  134583 |   38201 |  22.1 |     586 |     142 |  19.5
            +---------+---------+-------+---------+---------+-------
        D:1 |      28 |       6 |  17.6 |      16 |       3 |  15.8
        D:2 |      50 |       0 |   0.0 |      19 |       0 |   0.0
        D:3 |     286 |     185 |  39.3 |      25 |       6 |  19.4
        D:4 |     412 |       0 |   0.0 |      35 |       0 |   0.0
        D:5 |     494 |     545 |  52.5 |      13 |       7 |  35.0
        D:6 |     860 |       0 |   0.0 |      20 |       0 |   0.0
        D:7 |     786 |     264 |  25.1 |      16 |       1 |   5.9
        D:8 |    1262 |       2 |   0.2 |      22 |       1 |   4.3
        D:9 |     824 |     854 |  50.9 |      16 |       1 |   5.9
       D:10 |    3099 |     584 |  15.9 |      22 |      17 |  43.6
       D:11 |    2713 |       0 |   0.0 |      14 |       0 |   0.0
       D:12 |    3474 |    4610 |  57.0 |       7 |       8 |  53.3
       D:13 |    7083 |       0 |   0.0 |      13 |       0 |   0.0
       D:14 |   10161 |    2526 |  19.9 |      26 |       3 |  10.3
       D:15 |    9926 |    2689 |  21.3 |      27 |       3 |  10.0
     Lair:1 |    3522 |     284 |   7.5 |      14 |       2 |  12.5
     Lair:2 |    4733 |       0 |   0.0 |      20 |       0 |   0.0
     Lair:3 |   11474 |     783 |   6.4 |      33 |       2 |   5.7
     Lair:4 |   11297 |     763 |   6.3 |      31 |      15 |  32.6
     Lair:5 |   12051 |   13390 |  52.6 |      24 |      28 |  53.8
   Spider:1 |   18291 |       0 |   0.0 |      47 |       0 |   0.0
   Spider:2 |   13894 |    2277 |  14.1 |      40 |       1 |   2.4
   Spider:3 |   14723 |       0 |   0.0 |      32 |       0 |   0.0
      Orc:1 |    1856 |       0 |   0.0 |      31 |       0 |   0.0
      Orc:2 |    1284 |    8221 |  86.5 |      23 |      32 |  58.2
    Ossuary |       0 |     218 | 100.0 |       0 |      12 | 100.0
            +---------+---------+-------+---------+---------+-------
